 Dungeon Sprint DCSS version 0.19.4-10-g532645f (webtiles) character file.

22688271 Groucho the Conqueror (level 25, 253/280 HPs)
             Began as a Naga Fighter on Feb 23, 2017.
             Was the Champion of Cheibriados.
             Escaped with the Orb
             ... and 9 runes!
             The game lasted 00:55:29 (23273 turns).

Groucho the Conqueror (Naga Fighter)               Turns: 23273, Time: 00:55:30

Health: 253/280    AC: 55    Str: 40    XL:     25   Next: 27%
Magic:  54/54      EV: 35    Int: 28    God:    Cheibriados [******]
Gold:   38         SH: 36    Dex: 40    Spells: 0 memorised, 78 levels left

rFire  + . .     SeeInvis +     Z - +5 broad axe "Ovagec" {chop, rElec Str+3 Int+2}
rCold  . . .     Gourm    .     M - +10 chain mail of Subjectivity {MR+ Str+3}
rNeg   . . .     Faith    .     K - +1 large shield
rPois  +         Spirit   .     G - +1 hat
rElec  +         Reflect  +     T - +1 cloak {MR+}
rCorr  .         Harm     .     C - +1 pair of gloves {Dex+3}
MR     +++++     NoTele   +     R - +4 naga barding
Stlth  ..........               t - +3 amulet of reflection
                                W - ring of Xom's Whimsicality {rF+ Dex+2 Slay+3}
                                Y - ring "Ylem" {+Blink rElec AC+3 Slay+2}

@: very slow
A: see invisible, deformed body, poison resistance, slowness 2, slow metabolism
1, spit poison 1, constrict 1, AC +8
a: Spit Poison, Bend Time, Temporal Distortion, Slouch, Step From Time, Renounce
Religion, Evoke Blink
0: Orb of Zot
}: 9/15 runes: decaying, serpentine, barnacled, slimy, elven, silver, golden,
abyssal, gossamer


You escaped.
You worshipped Cheibriados.
Cheibriados was exalted by your worship.
You were not hungry.

You visited 1 branch You collected 1951 gold pieces.
You spent 1913 gold pieces at shops.

Inventory:

Hand Weapons
 q - the +5 broad axe of Ekecwit {venom, Int+5}
   (You found it in the Dungeon)

   It poisons the flesh of those it strikes.
   It affects your intelligence (+5).
 J - a +1 demon whip
 P - a +1 sacred scourge of holy wrath
 Z - the +5 broad axe "Ovagec" (weapon) {chop, rElec Str+3 Int+2}
   (You found it in the Dungeon)

   It inflicts extra damage upon your enemies.
   It affects your strength (+3).
   It affects your intelligence (+2).
   It insulates you from electricity.
Missiles
 p - 8 javelins (quivered)
Armour
 a - the +3 storm dragon scales of the Lonely Tales {+Inv rElec rN+ Str+4 Dex-3}
   (You found it in the Dungeon)

   It affects your strength (+4).
   It affects your dexterity (-3).
   It insulates you from electricity.
   It protects you from negative energy.
   It lets you turn invisible.
 C - a +1 pair of gloves of dexterity (worn)
 G - a +1 hat (worn)
 H - +0 gold dragon scales
 K - a +1 large shield (worn)
 M - the +10 chain mail of Subjectivity (worn) {MR+ Str+3}
   (You found it in the Dungeon)

   It affects your strength (+3).
   It affects your resistance to hostile enchantments.
 R - a +4 naga barding (worn)
 T - a +1 cloak of magic resistance (worn)
Jewellery
 c - an uncursed ring of magical power
 r - an uncursed ring of protection from cold
 t - a +3 amulet of reflection (around neck)
 E - a +6 ring of dexterity
 I - an uncursed ring of protection from fire
 L - an uncursed amulet of regeneration
 N - a +4 ring of protection
 U - the ring of Risoel {rC+ MR+ Int+4}
   (You found it in the Dungeon)

   [ring of protection from cold]

   It affects your intelligence (+4).
   It protects you from cold.
   It affects your resistance to hostile enchantments.
 V - the ring "Lehaf" {rC+ Str+5}
   (You found it in the Dungeon)

   [ring of protection from cold]

   It affects your strength (+5).
   It protects you from cold.
 W - the ring of Xom's Whimsicality (right hand) {rF+ Dex+2 Slay+3}
   (You found it in the Dungeon)

   [ring of protection from fire]

   It affects your dexterity (+2).
   It affects your accuracy and damage with ranged weapons and melee attacks
   (+3).
   It protects you from fire.
 X - the amulet of Elitism {RegenMP *Slow rPois MR+ Dex+2}
   (You found it in the Dungeon)

   [amulet of magic regeneration]

   It increases your magic regeneration.
   It affects your dexterity (+2).
   It protects you from poison.
   It affects your resistance to hostile enchantments.
   It may slow you when you take damage.
 Y - the ring "Ylem" (left hand) {+Blink rElec AC+3 Slay+2}
   (You found it in the Dungeon)

   [ring of protection]

   It affects your AC (+3).
   It affects your accuracy and damage with ranged weapons and melee attacks
   (+2).
   It insulates you from electricity.
   It lets you blink.
Wands
 o - a wand of lightning (6/15)
Scrolls
 m - 7 scrolls of remove curse
 n - 3 scrolls of amnesia
 s - 2 scrolls of fear
 v - 6 scrolls of enchant armour
 w - 8 scrolls of enchant weapon
 x - 4 scrolls of fog
 y - 3 scrolls of identify
 B - a scroll of recharging
 S - a scroll of silence {unknown}
Potions
 e - 9 potions of curing
 f - 3 potions of brilliance
 h - 3 potions of haste
 i - 2 potions of magic
 j - 2 potions of berserk rage
 l - a potion of invisibility
Miscellaneous
 b - the horn of Geryon
Comestibles
 u - 10 bread rations
 z - 29 fruits
 A - 6 meat rations


   Skills:
 O Level 27 Fighting
 O Level 27 Axes
 + Level 25.6(27) Maces & Flails
 O Level 27 Throwing
 O Level 27 Armour
 O Level 27 Dodging
 O Level 27 Shields
 O Level 27 Unarmed Combat
 O Level 27 Spellcasting
 O Level 27 Invocations
 O Level 27 Evocations


You had 78 spell levels left.
You didn't know any spells.

Dungeon Overview and Level Annotations

Branches:
Dungeon (1/1)

Altars:
Cheibriados
Dithmenos
Elyvilon
Fedhas
Gozag
Hepliaklqana
Kikubaaqudgha
Makhleb
Nemelex Xobeh
Okawaru
Qazlal
Ru
Sif Muna
Trog
Uskayaw
Vehumet
Xom
Yredelemnul
Zin
The Shining One
Beogh
Jiyva
Lugonu

Shops:
D [?=!


Innate Abilities, Weirdness & Mutations

You cannot wear boots.
Your serpentine skin is tough. (AC +8)
You have supernaturally acute eyesight. (SInv)
Armour fits poorly on your strangely shaped body.
Your system is resistant to poisons. (rPois)
You cover ground very slowly.
You have a slow metabolism.
You can spit poison.
You can use your snake-like lower body to constrict enemies.


Message History

There is an open door to the Temple here.
Things that are here:
a scythe of flaming; a trident; a leather armour
There is an open door, spattered with blood here.
There is an open door to the Dungeon here.
Things that are here:
a dagger; a club
There is a staircase leading out of the dungeon here.
It was a potion of mutation.
You feel extremely strange.
There is a nasty taste in your mouth for a moment.
You feel frail.
Unknown command.
It has a very clean taste.
You feel robust.
Your skin no longer functions as natural camouflage.
Your magical essence is no longer linked to your wands.
You feel an ache in your throat.
Quiver which item? (- for none, * to show all) (? for menu, Esc to quit)
Okay, then.
You have escaped!

▓▓▓▓▓▓▓▓▓▓▓▓▓▓▓▓▓▓
▓@▓...▓...▓)..▓...
▓.▓.▓.▓.▓.▓.▓.▓.▓.
▓.▓.▓.▓.▓.▓.▓.▓.▓.
▓.▓.▓.▓.▓.▓.▓.▓.▓.
▓)▓.▓.▓.▓.▓.▓.▓.▓.
▓.▓.▓.▓.▓.▓.▓.▓.▓.
▓.▓)▓.▓.▓.▓.▓.▓.▓.
▓.▓.▓'▓.▓.▓.▓.▓.▓)
▓.▓)▓.▓.▓.▓.▓.▓.▓.


There were no monsters in sight!

Vanquished Creatures
  the Royal Jelly (D)
  A seraph (D)
  3 orbs of fire (D)
  Mara (D)
  Mennas (D)
  7 ancient liches (D)
  8 greater mummies (D)
  Boris (D)
  Frederick (D)
  2 Killer Klowns (D)
  Margery (D)
  5 golden dragons (D)
  Geryon (D)
  A profane servitor (D)
  5 Tzitzimimeh (D)
  3 Brimstone Fiends (D)
  A hellephant (D)
  4 tentacled monstrosities (D)
  3 electric golems (D)
  6 liches (D)
  5 Hell Sentinels (D)
  5 Ice Fiends (D)
  10 pandemonium lords (D)
  A titan (D)
  49 Orb Guardians (D)
  5 deep elf blademasters (D)
  11 acid blobs (D)
  A quicksilver dragon (D)
  2 Executioners (D)
  13 sphinxes (D)
  Frances (D)
  Gastronok (D)
  2 death cobs (D)
  Kirke (D)
  A tentacled starspawn (D)
  3 storm dragons (D)
  A tengu reaver (D)
  10 shadow dragons (D)
  Ilsuiw (D)
  10 azure jellies (D)
  3 nagarajas (D)
  A draconian monk (D)
  A frost giant (D)
  3 draconian knights (D)
  2 vault wardens (D)
  A fire giant (D)
  3 cacodemons (D)
  A deep elf sorcerer (D)
  An iron dragon (D)
  4 emperor scorpions (D)
  A balrug (D)
  A draconian shifter (D)
  4 angels (D)
  Louise (D)
  A draconian zealot (D)
  3 ghost moths (D)
  3 ironheart preservers (D)
  2 reapers (D)
  A draconian caller (D)
  7 very ugly things (D)
  8 vampire knights (D)
  3 stone giants (D)
  2 corrupters (D)
  A draconian annihilator (D)
  An entropy weaver (D)
  2 deep elf demonologists (D)
  A green draconian (D)
  2 deep elf annihilators (D)
  A purple draconian (D)
  A black sun (D)
  4 lorocyprocas (D)
  Azrael (D)
  4 red draconians (D)
  2 yellow draconians (D)
  3 black draconians (D)
  2 mottled draconians (D)
  2 merfolk javelineers (D)
  Snorg (D)
  A deep elf death mage (D)
  2 ettins (D)
  3 deep elf high priests (D)
  A green death (D)
  6 mummy priests (D)
  5 death oozes (D)
  6 merfolk impalers (D)
  7 fire dragons (D)
  2 rakshasas (D)
  3 ogre magi (D)
  4 yaktaur captains (D)
  4 great orbs of eyes (D)
  3 naga warriors (D)
  5 ice dragons (D)
  25 vault guards (D)
  A hell beast (D)
  8 hydras (D)
  2 death knights (D)
  A ghost crab (D)
  An anaconda (D)
  A merfolk aquamancer (D)
  4 centaur warriors (D)
  2 tengu warriors (D)
  2 deep troll earth magi (D)
  A deep elf knight (D)
  6 soul eaters (D)
  10 sun demons (D)
  6 sixfirhies (D)
  Nergalle (D)
  2 wretched stars (D)
  A shadow wraith (D)
  2 salamander mystics (D)
  A spriggan druid (D)
  9 shadow demons (D)
  3 hell knights (D)
  2 infernal demonspawn (D)
  2 unseen horrors (D)
  A cherub (D)
  4 swamp dragons (D)
  2 torturous demonspawn (D)
  4 lindwurms (D)
  An ironbrand convoker (D)
  2 harpies (D)
  2 necromancers (D)
  8 orc knights (D)
  9 orc sorcerers (D)
  An orb spider (D)
  4 wolf spiders (D)
  A manticore (D)
  14 moths of wrath (D)
  2 cyclopes (D)
  An ugly thing (D)
  A faun (shapeshifter) (D)
  7 rust devils (D)
  A guardian serpent (shapeshifter) (D)
  3 black mambas (D)
  2 vault sentinels (D)
  Maurice (D)
  4 toenail golems (D)
  4 guardian serpents (D)
  4 naga magi (D)
  5 spiny frogs (D)
  A gargoyle (D)
  Joseph (D)
  10 smoke demons (D)
  A water nymph (D)
  A hellion (D)
  8 orange demons (D)
  An efreet (D)
  6 hellwings (D)
  6 ice devils (D)
  A tengu conjurer (D)
  4 tormentors (D)
  2 freezing wraiths (D)
  2 yaktaurs (D)
  4 demonic crawlers (D)
  14 guardian mummies (D)
  16 red devils (D)
  A wandering mushroom (D)
  4 merfolk (D)
  A hornet (D)
  2 blink frogs (D)
  A slime creature (D)
  3 tyrant leeches (D)
  A wind drake (D)
  3 hippogriffs (D)
  A redback (D)
  2 tarantellas (D)
  A wraith (D)
  A shadow (D)
  A water elemental (D)
  A large abomination (D)
  11 spriggans (D)
  2 ynoxinuls (D)
  3 hogs (D)
  2 yaks (D)
  2 fire elementals (D)
  A basilisk (D)
  2 hungry ghosts (D)
  A vampire mosquito (D)
  8 chaos spawn (D)
  3 neqoxecs (D)
  3 mottled dragons (D)
  An insubstantial wisp (D)
  2 nagas (D)
  2 hell hounds (D)
  A porcupine (D)
  3 water moccasins (D)
  3 swamp drakes (D)
  A floating eye (D)
  An ice beast (D)
  3 eyes of draining (D)
  9 orc warriors (D)
  A wolf (D)
  A boggart (D)
  A centaur (D)
  A crocodile (D)
  3 bullfrogs (D)
  2 howler monkeys (D)
  5 crimson imps (D)
  A quasit (D)
  An iron imp (D)
  A hound (D)
  5 orc priests (D)
  7 orc wizards (D)
  A worker ant (D)
  4 shadow imps (D)
  A white imp (D)
  3 ufetubi (D)
  An ooze (D)
  2 worms (D)
  A dart slug (D)
  A leopard gecko (D)
  7 orcs (D)
  A bat zombie (D)
  2 goblins (D)
  A hobgoblin (D)
  A kobold (D)
  A frilled lizard (D)
  A giant cockroach zombie (D)
  A jackal zombie (D)
  2 crawling corpses (D)
732 creatures vanquished.

Vanquished Creatures (others)
  Ereshkigal (D)
  Mnoleg (D)
  A pandemonium lord (D)
  An Ice Fiend (D)
  A stone giant (D)
  A satyr (D)
  2 orange demons (D)
  An ice devil (D)
  2 humans (D)
  An iron imp (D)
  A starspawn tentacle (D)
13 creatures vanquished.

Grand Total: 745 creatures vanquished

Notes
Turn   | Place    | Note
-------+----------+-------------------------------------------
     0 | D        | Groucho the Naga Fighter began the quest for the Orb.
     0 | D        | Reached XP level 1. HP: 21/21 MP: 1/1
     7 | D        | Reached XP level 2. HP: 27/28 MP: 2/2
    23 | D        | Noticed a howler monkey
    37 | D        | Reached XP level 3. HP: 26/37 MP: 3/3
    43 | D        | Reached skill level 5 in Fighting
    43 | D        | Reached XP level 4. HP: 31/46 MP: 4/4
    54 | D        | Found a roughly hewn altar of Beogh.
    54 | D        | Found a snail-covered altar of Cheibriados.
    54 | D        | Found a shadowy altar of Dithmenos.
    54 | D        | Found a white marble altar of Elyvilon.
    54 | D        | Found a blossoming altar of Fedhas.
    54 | D        | Found an opulent altar of Gozag.
    55 | D        | Found a hazy altar of Hepliaklqana.
    56 | D        | Found a viscous altar of Jiyva.
    57 | D        | Found an ancient bone altar of Kikubaaqudgha.
    58 | D        | Became a worshipper of Cheibriados the Contemplative
    59 | D        | Found a corrupted altar of Lugonu.
    60 | D        | Found a burning altar of Makhleb.
    61 | D        | Found a sparkling altar of Nemelex Xobeh.
    62 | D        | Found an iron altar of Okawaru.
    63 | D        | Found a stormy altar of Qazlal.
    64 | D        | Found a sacrificial altar of Ru.
    65 | D        | Found a deep blue altar of Sif Muna.
    66 | D        | Found a bloodstained altar of Trog.
    67 | D        | Found a hide-covered altar of Uskayaw.
    68 | D        | Found a radiant altar of Vehumet.
    69 | D        | Found a shimmering altar of Xom.
    70 | D        | Found a basalt altar of Yredelemnul.
    71 | D        | Found a glowing silver altar of Zin.
    72 | D        | Found a glowing golden altar of the Shining One.
   128 | D        | Noticed a yak
   128 | D        | Noticed an ice beast
   128 | D        | Noticed a wraith
   136 | D        | Reached XP level 5. HP: 46/52 MP: 4/7
   144 | D        | Killed a yak
   144 | D        | Reached * piety under Cheibriados
   144 | D        | Reached skill level 5 in Armour
   144 | D        | Reached skill level 5 in Shields
   144 | D        | Reached XP level 6. HP: 37/61 MP: 5/10
   152 | D        | Killed an ice beast
   152 | D        | Reached ** piety under Cheibriados
   170 | D        | Killed a wraith
   170 | D        | Reached *** piety under Cheibriados
   170 | D        | Reached XP level 7. HP: 17/67 MP: 9/13
   583 | D        | Noticed a vampire mosquito
   583 | D        | Noticed a hungry ghost
   583 | D        | Noticed a shadow
   583 | D        | Noticed a purple ugly thing
   583 | D        | Noticed a gargoyle
   588 | D        | Killed a vampire mosquito
   608 | D        | Killed a hungry ghost
   608 | D        | Reached **** piety under Cheibriados
   608 | D        | Reached skill level 10 in Invocations
   616 | D        | Killed a purple ugly thing
   616 | D        | Reached XP level 8. HP: 59/74 MP: 14/16
   621 | D        | Killed a shadow
   621 | D        | Reached ***** piety under Cheibriados
   628 | D        | Killed a gargoyle
   756 | D        | Noticed a hippogriff
   756 | D        | Noticed a spiny frog
   761 | D        | Reached XP level 9. HP: 81/81 MP: 17/17
   777 | D        | Killed a spiny frog
   777 | D        | Reached skill level 10 in Axes
   782 | D        | Reached ****** piety under Cheibriados
  1223 | D        | Noticed a spiny frog
  1223 | D        | Noticed an eight-headed hydra
  1226 | D        | Noticed a spiny frog
  1226 | D        | Killed a spiny frog
  1226 | D        | Reached XP level 10. HP: 96/96 MP: 12/18
  1227 | D        | Killed an eight-headed hydra
  1227 | D        | Killed a spiny frog
  1227 | D        | Reached skill level 10 in Armour
  1227 | D        | Reached skill level 10 in Shields
  1228 | D        | Noticed a spiny frog
  1234 | D        | Killed a spiny frog
  1248 | D        | Noticed a lindwurm
  1248 | D        | Noticed a lindwurm
  1248 | D        | Noticed a lindwurm
  1249 | D        | Noticed a lindwurm
  1254 | D        | Killed a lindwurm
  1255 | D        | Killed a lindwurm
  1255 | D        | Killed a lindwurm
  1255 | D        | Reached skill level 10 in Fighting
  1255 | D        | Killed a lindwurm
  1255 | D        | Reached XP level 11. HP: 33/110 MP: 5/19
  1855 | D        | Noticed Maurice
  1860 | D        | Killed Maurice
  1935 | D        | Noticed an orc knight
  1949 | D        | Killed an orc knight
  1994 | D        | Noticed an orc knight
  1994 | D        | Noticed an orc knight
  1996 | D        | Reached skill level 1 in Dodging
  1997 | D        | Killed an orc knight
  1997 | D        | Killed an orc knight
  2523 | D        | Noticed an orc sorcerer
  2536 | D        | Killed an orc sorcerer
  2610 | D        | Found Ugunirei's Antique Armour Emporium.
  2610 | D        | Noticed an orc sorcerer
  2610 | D        | Noticed an orc sorcerer
  2610 | D        | Noticed an orc sorcerer
  2613 | D        | Noticed an orc sorcerer
  2615 | D        | Killed an orc sorcerer
  2619 | D        | Killed an orc sorcerer
  2620 | D        | Killed an orc sorcerer
  2620 | D        | Killed an orc sorcerer
  2989 | D        | Found Siraefoh's Magic Scroll Shoppe.
  2993 | D        | Found Kaeph's Jewellery Emporium.
  2995 | D        | Noticed an orc sorcerer
  2996 | D        | Found Umacing's Distillery.
  2999 | D        | Killed an orc sorcerer
  3004 | D        | Noticed an orc sorcerer
  3005 | D        | Noticed an orc sorcerer
  3006 | D        | Noticed an orc sorcerer
  3007 | D        | Killed an orc sorcerer
  3007 | D        | Killed an orc sorcerer
  3007 | D        | Killed an orc sorcerer
  3007 | D        | Reached XP level 12. HP: 115/122 MP: 14/20
  3047 | D        | Bought a +3 amulet of reflection for 250 gold pieces
  3049 | D        | Bought a potion of beneficial mutation for 350 gold pieces
  3055 | D        | Bought a pair of runed gloves for 231 gold pieces
  3055 | D        | Bought a glowing shield for 231 gold pieces
  3055 | D        | Bought a shiny chain mail for 231 gold pieces
  3107 | D        | Bought an uncursed ring of magical power for 200 gold pieces
  3107 | D        | Bought an uncursed ring of protection from cold for 250 gold pieces
  3416 | D        | Bought 2 potions of heal wounds for 100 gold pieces
  3416 | D        | Bought a potion of agility for 40 gold pieces
  3416 | D        | Bought a potion of curing for 30 gold pieces
  3432 | D        | Noticed Joseph
  3440 | D        | Killed Joseph
  3440 | D        | Reached skill level 5 in Dodging
  3483 | D        | Noticed Gastronok
  3493 | D        | Killed Gastronok
  3564 | D        | Got the +10 chain mail of Subjectivity {MR+ Str+3}
  3608 | D        | Noticed an ogre mage
  3619 | D        | Noticed an ettin
  3620 | D        | Noticed a red very ugly thing
  3620 | D        | Killed an ogre mage
  3621 | D        | Noticed a fire dragon
  3622 | D        | Noticed a centaur warrior
  3623 | D        | Noticed a fire dragon
  3626 | D        | Noticed a rakshasa
  3634 | D        | Noticed an ettin
  3634 | D        | Killed a red very ugly thing
  3645 | D        | Killed an ettin
  3649 | D        | Killed a centaur warrior
  3649 | D        | Reached skill level 15 in Axes
  3655 | D        | Killed an ettin
  3655 | D        | Killed a rakshasa
  3656 | D        | Killed a fire dragon
  3656 | D        | Killed a fire dragon
  3656 | D        | Gained mutation: You can use your snake-like lower body to constrict enemies. [Naga growth]
  3656 | D        | Reached XP level 13. HP: 38/134 MP: 12/21
  4208 | D        | Noticed Nergalle
  4220 | D        | Killed Nergalle
  4638 | D        | Gained mutation: You possess an exceptional clarity of mind. [potion of beneficial mutation]
  4677 | D        | Reached skill level 15 in Fighting
  4706 | D        | Noticed an entropy weaver
  4708 | D        | Killed an entropy weaver
  4708 | D        | Reached skill level 10 in Dodging
  4775 | D        | Noticed Kirke
  4780 | D        | Killed Kirke
  4780 | D        | Reached XP level 14. HP: 148/148 MP: 10/22
  4786 | D        | Noticed Frances
  4793 | D        | Killed Frances
  5066 | D        | Noticed a stone giant
  5066 | D        | Noticed a fire giant
  5067 | D        | Noticed a red very ugly thing
  5070 | D        | Reached skill level 15 in Armour
  5070 | D        | Reached skill level 15 in Shields
  5071 | D        | Killed a stone giant
  5071 | D        | Killed a fire giant
  5071 | D        | Killed a red very ugly thing
  5072 | D        | Noticed an iron dragon
  5073 | D        | Noticed a tengu reaver
  5088 | D        | Killed an iron dragon
  5092 | D        | Killed a tengu reaver
  5106 | D        | Noticed a purple very ugly thing
  5107 | D        | Noticed a stone giant
  5108 | D        | Noticed a green very ugly thing
  5111 | D        | Noticed a brown very ugly thing
  5112 | D        | Killed a purple very ugly thing
  5121 | D        | Killed a stone giant
  5133 | D        | Killed a purple very ugly thing
  5138 | D        | Killed a red very ugly thing
  5177 | D        | Noticed a vault warden
  5182 | D        | Killed a vault warden
  5186 | D        | Noticed a stone giant
  5193 | D        | Killed a stone giant
  5193 | D        | Reached XP level 15. HP: 65/160 MP: 20/23
  5250 | D        | Reached skill level 1 in Spellcasting
  5830 | D        | Noticed Azrael
  5840 | D        | Killed Azrael
  6363 | D        | Noticed Mennas
  6398 | D        | Killed Mennas
  6733 | D        | Noticed an emperor scorpion
  6733 | D        | Noticed an emperor scorpion
  6738 | D        | Noticed a ghost moth
  6748 | D        | Killed an emperor scorpion
  6758 | D        | Noticed a ghost moth
  6773 | D        | Killed an emperor scorpion
  6773 | D        | Reached skill level 5 in Spellcasting
  6799 | D        | Killed a ghost moth
  6803 | D        | Killed a ghost moth
  6805 | D        | Noticed an emperor scorpion
  6806 | D        | Noticed an emperor scorpion
  6813 | D        | Killed an emperor scorpion
  6833 | D        | Killed an emperor scorpion
  6850 | D        | Got a gossamer rune of Zot
  7058 | D        | Noticed Ilsuiw
  7081 | D        | Killed Ilsuiw
  7121 | D        | Reached XP level 16. HP: 99/176 MP: 28/28
  7148 | D        | Got a barnacled rune of Zot
  7248 | D        | Noticed a nagaraja
  7249 | D        | Noticed a nagaraja
  7251 | D        | Noticed a nagaraja
  7257 | D        | Killed a nagaraja
  7263 | D        | Reached skill level 15 in Dodging
  7270 | D        | Killed a nagaraja
  7273 | D        | Killed a nagaraja
  7295 | D        | Got a serpentine rune of Zot
  7833 | D        | Reached skill level 10 in Spellcasting
  7860 | D        | Got a decaying rune of Zot
  8477 | D        | Noticed Margery
  8483 | D        | Killed Margery
  8520 | D        | Noticed Frederick
  8529 | D        | Killed Frederick
  8862 | D        | Reached XP level 17. HP: 189/189 MP: 33/33
  8937 | D        | Noticed a titan
  8961 | D        | Killed a titan
  8990 | D        | Noticed an ancient lich
  8990 | D        | Noticed an Orb Guardian
  8997 | D        | Killed an Orb Guardian
  9018 | D        | Killed an ancient lich
  9024 | D        | Noticed Snorg
  9024 | D        | Noticed a greater mummy
  9024 | D        | Noticed an Orb Guardian
  9032 | D        | Killed an Orb Guardian
  9032 | D        | Reached skill level 15 in Spellcasting
  9039 | D        | Killed Snorg
  9043 | D        | Killed a greater mummy
  9066 | D        | Noticed a sphinx
  9083 | D        | Killed a sphinx
  9536 | D        | Noticed an ancient lich
  9562 | D        | Killed an ancient lich
  9565 | D        | HP: 2/196 [shadow dragon/bolt of negative energy (33)]
  9567 | D        | Reached XP level 18. HP: 2/206 MP: 28/38
 10080 | D        | Got a silver rune of Zot
 10108 | D        | Noticed Mara
 10115 | D        | Noticed Groucho's illusion
 10120 | D        | Killed Mara
 10392 | D        | Noticed Louise
 10399 | D        | Killed Louise
 10451 | D        | Got the ring of Risoel {rC+ MR+ Int+4}
 10453 | D        | Got the ring "Lehaf" {rC+ Str+5}
 10455 | D        | Got the ring of Xom's Whimsicality {rF+ Dex+2 Slay+3}
 10457 | D        | Got the amulet of Elitism {RegenMP *Slow rPois MR+ Dex+2}
 10459 | D        | Got the ring "Ylem" {+Blink rElec AC+3 Slay+2}
 10468 | D        | Got the +5 broad axe "Ovagec" {chop, rElec Str+3 Int+2}
 10484 | D        | Got the +5 broad axe of Ekecwit {venom, Int+5}
 10522 | D        | Got the +3 storm dragon scales of the Lonely Tales {+Inv rElec rN+ Str+4 Dex-3}
 10638 | D        | Noticed Boris
 10648 | D        | Killed Boris
 10676 | D        | Reached skill level 5 in Throwing
 11181 | D        | Noticed a golden dragon
 11187 | D        | Killed a golden dragon
 11226 | D        | Noticed a golden dragon
 11235 | D        | Killed a golden dragon
 11274 | D        | Noticed an electric golem
 11274 | D        | Noticed a quicksilver dragon
 11282 | D        | Noticed a golden dragon
 11287 | D        | Killed an electric golem
 11291 | D        | Killed a quicksilver dragon
 11297 | D        | Reached skill level 10 in Throwing
 11318 | D        | Reached XP level 19. HP: 170/220 MP: 22/40
 11335 | D        | Killed a golden dragon
 11801 | D        | Noticed a tentacled monstrosity
 11822 | D        | Noticed a golden dragon
 11824 | D        | Killed a tentacled monstrosity
 11864 | D        | Killed a golden dragon
 11878 | D        | Noticed a tentacled monstrosity
 11878 | D        | Noticed a tentacled monstrosity
 11885 | D        | Noticed a tentacled monstrosity
 11887 | D        | Killed a tentacled monstrosity
 11895 | D        | Killed a tentacled monstrosity
 11905 | D        | Killed a tentacled monstrosity
 12083 | D        | Reached skill level 27 in Fighting
 12338 | D        | Reached skill level 15 in Throwing
 12394 | D        | Noticed an ancient lich
 12402 | D        | Killed an ancient lich
 12402 | D        | Reached XP level 20. HP: 221/236 MP: 41/41
 12405 | D        | Noticed an orb of fire
 12414 | D        | Gained mutation: You regenerate slowly when monsters are visible. [an orb of fire]
 12420 | D        | Gained mutation: You expend magic power (3 MP) to strengthen your wands. [an orb of fire]
 12426 | D        | Killed an orb of fire
 12766 | D        | Noticed an electric golem
 12774 | D        | Killed an electric golem
 12777 | D        | Noticed an orb of fire
 12777 | D        | Noticed a Killer Klown
 12784 | D        | Noticed an orb of fire
 12789 | D        | Lost mutation: You regenerate slowly when monsters are visible. [an orb of fire]
 12790 | D        | Killed an orb of fire
 12790 | D        | Killed a Killer Klown
 12790 | D        | Killed an orb of fire
 12792 | D        | Noticed an electric golem
 12795 | D        | Noticed a Killer Klown
 12797 | D        | Noticed an ancient lich
 12804 | D        | Killed an electric golem
 12809 | D        | Killed a Killer Klown
 12810 | D        | Noticed a golden dragon
 12817 | D        | Noticed an ancient lich
 12817 | D        | Killed an ancient lich
 12830 | D        | Killed a golden dragon
 12839 | D        | Killed an ancient lich
 13225 | D        | Reached XP level 21. HP: 244/244 MP: 42/42
 13242 | D        | Reached skill level 27 in Armour
 13242 | D        | Reached skill level 27 in Shields
 13346 | D        | Noticed an ancient lich
 13356 | D        | Noticed an ancient lich
 13364 | D        | Killed an ancient lich
 13378 | D        | Killed an ancient lich
 13386 | D        | Reached skill level 27 in Dodging
 14277 | D        | Got an elven rune of Zot
 14292 | D        | Reached skill level 27 in Throwing
 14303 | D        | Noticed the Royal Jelly
 14309 | D        | Killed the Royal Jelly
 14970 | D        | Reached XP level 22. HP: 170/254 MP: 45/45
 14998 | D        | Got a slimy rune of Zot
 16153 | D        | Noticed a greater mummy
 16179 | D        | Killed a greater mummy
 16925 | D        | Noticed a greater mummy
 16925 | D        | Noticed a greater mummy
 16925 | D        | Noticed a greater mummy
 16925 | D        | Noticed a greater mummy
 16935 | D        | Killed a greater mummy
 16937 | D        | Killed a greater mummy
 16958 | D        | HP: 6/253 [greater mummy/divine providence (14)]
 16982 | D        | HP: 10/254 [greater mummy/divine providence (13)]
 16989 | D        | Killed a greater mummy
 16996 | D        | Killed a greater mummy
 16996 | D        | Reached skill level 27 in Axes
 17219 | D        | Noticed a greater mummy
 17226 | D        | Killed a greater mummy
 17486 | D        | Noticed a greater mummy
 17510 | D        | Killed a greater mummy
 18137 | D        | Got a golden rune of Zot
 18155 | D        | Reached skill level 27 in Spellcasting
 18184 | D        | Got an abyssal rune of Zot
 18733 | D        | Noticed Geryon
 18744 | D        | Killed Geryon
 19137 | D        | Got the Orb of Zot
 19371 | D        | Noticed Hioff the pandemonium lord
 19378 | D        | Killed Hioff the pandemonium lord
 19378 | D        | Reached XP level 23. HP: 252/261 MP: 54/54
 19494 | D        | Reached skill level 5 in Unarmed Combat
 19532 | D        | Killed Mnoleg
 19584 | D        | Killed Ereshkigal
 19829 | D        | Reached skill level 10 in Unarmed Combat
 19876 | D        | Noticed Lewakhlis the pandemonium lord
 19879 | D        | Killed Lewakhlis the pandemonium lord
 20006 | D        | Noticed Zyvudap the pandemonium lord
 20023 | D        | Killed Zyvudap the pandemonium lord
 20023 | D        | Reached skill level 15 in Unarmed Combat
 20587 | D        | Noticed Ecisse Ucos the pandemonium lord
 20593 | D        | Killed Ecisse Ucos the pandemonium lord
 20604 | D        | Noticed Wicsybixt the pandemonium lord
 20614 | D        | Killed Wicsybixt the pandemonium lord
 20625 | D        | Reached skill level 27 in Invocations
 21229 | D        | Noticed Ymmoxiq the pandemonium lord
 21236 | D        | Killed Ymmoxiq the pandemonium lord
 21236 | D        | Reached XP level 24. HP: 139/272 MP: 40/54
 21359 | D        | Reached skill level 27 in Unarmed Combat
 21359 | D        | Reached skill level 5 in Evocations
 21441 | D        | Reached skill level 10 in Evocations
 21735 | D        | Reached skill level 15 in Evocations
 22056 | D        | Noticed Safickui the pandemonium lord
 22068 | D        | Killed Safickui the pandemonium lord
 22082 | D        | Noticed Keixinat the pandemonium lord
 22088 | D        | Killed Keixinat the pandemonium lord
 22102 | D        | Gained mutation: Your skin changes colour to match your surroundings (Stealth+). [a cacodemon]
 22107 | D        | Lost mutation: You possess an exceptional clarity of mind. [a cacodemon]
 22219 | D        | Reached skill level 27 in Evocations
 22238 | D        | Noticed Ihijuf the pandemonium lord
 22251 | D        | Killed Ihijuf the pandemonium lord
 22273 | D        | Reached skill level 10 in Maces & Flails
 22508 | D        | Reached skill level 15 in Maces & Flails
 22550 | D        | Noticed Fibaywne the pandemonium lord
 22554 | D        | Killed Fibaywne the pandemonium lord
 22898 | D        | Reached XP level 25. HP: 280/280 MP: 54/54
 22974 | D        | Noticed a seraph
 22989 | D        | Killed a seraph
 23015 | D        | Noticed Qien the pandemonium lord
 23020 | D        | Killed Qien the pandemonium lord
 23270 | D        | Gained mutation: You can exhale a cloud of poison. [potion of mutation]
 23270 | D        | Gained mutation: You are frail. (-10% HP) [potion of mutation]
 23271 | D        | Lost mutation: You are frail. (-10% HP) [potion of cure mutation]
 23271 | D        | Lost mutation: Your skin changes colour to match your surroundings (Stealth+). [potion of cure mutation]
 23271 | D        | Lost mutation: You expend magic power (3 MP) to strengthen your wands. [potion of cure mutation]
 23271 | D        | Lost mutation: You can exhale a cloud of poison. [potion of cure mutation]
 23273 | D        | Escaped with the Orb!

Skill      XL: |  1  2  3  4  5  6  7  8  9 10 11 12 13 14 15 16 17 18 19 20 21 22 23 24 25 |
---------------+----------------------------------------------------------------------------+-----
Axes           | 3 4 6 7 8 9 10 12 14 15 16 18 19 21 27 | 27.0
Armour         | 3 4 5 6 7 8 9 10 12 13 14 16 17 19 21 22 24 26 27 | 27.0
Shields        | 3 4 5 6 7 8 9 10 12 13 14 16 17 19 21 22 24 26 27 | 27.0
Fighting       | 4 5 8 10 12 13 15 17 19 21 23 25 27 | 27.0
Invocations    | 2 6 8 10 11 18 27 | 27.0
Dodging        | 4 7 10 12 14 16 19 21 23 25 27 | 27.0
Spellcasting   | 8 12 16 17 19 27 | 27.0
Throwing       | 10 16 20 27 | 27.0
Evocations     | 3 27 | 27.0
Unarmed Combat | 4 26 27 | 27.0
Maces & Flails | 19 25 | 25.6

Action                   |  1- 3 |  4- 6 |  7- 9 | 10-12 | 13-15 | 16-18 | 19-21 | 22-24 | 25-27 || total
-------------------------+-------+-------+-------+-------+-------+-------+-------+-------+-------++-------
Melee: War axe           |    32 |    44 |    88 |   114 |   377 |   351 |       |       |       ||  1006
       Constrict         |       |       |       |       |    44 |    61 |    42 |    57 |     4 ||   208
       Broad axe         |       |       |       |       |       |   102 |   561 |   350 |    35 ||  1048
Throw: Javelin           |       |       |       |       |       |       |    19 |   427 |    26 ||   472
Invok: Slouch            |       |       |     1 |    20 |    28 |    51 |    20 |    25 |       ||   145
       Bend Time         |       |       |       |     1 |       |       |       |       |       ||     1
 Abil: Spit Poison       |       |       |       |       |       |     1 |       |       |       ||     1
Evoke: Wand              |       |       |       |       |       |     1 |       |       |       ||     1
       Horn of Geryon    |       |       |       |       |       |       |       |     1 |       ||     1
  Use: Potion            |       |     2 |     1 |     5 |     2 |       |     1 |    16 |     2 ||    29
       Scroll            |       |       |       |       |       |     2 |       |     4 |       ||     6
  Eat: Bread ration      |       |       |     1 |     1 |     1 |     1 |       |       |       ||     4
       Chunk             |       |       |       |     2 |       |       |       |       |       ||     2
       Beef jerky        |       |       |       |       |     1 |       |       |       |       ||     1
       Meat ration       |       |       |       |       |     1 |     1 |     1 |     4 |       ||     7
       Fruit             |       |       |       |       |       |    11 |       |       |       ||    11
Armor: Scale mail        |    11 |    17 |    33 |    11 |       |       |       |       |       ||    72
       Plate armour      |       |       |       |     2 |       |       |       |       |       ||     2
       Chain mail        |       |       |       |    10 |    92 |    86 |    70 |    51 |     9 ||   318
Dodge: Dodged            |     9 |     6 |    11 |    23 |   135 |   164 |   170 |   132 |     7 ||   657
Block: Shield            |    15 |    24 |    50 |    48 |       |       |       |       |       ||   137
       Large shield      |       |       |       |    47 |   476 |   454 |   583 |   433 |    52 ||  2045
       Reflection        |       |       |       |     3 |    17 |     7 |    13 |     6 |       ||    46
